 Dungeon Sprint DCSS version 0.17-a0-1262-gd250d98 (webtiles) character file.

532 Kidiri the Covert (level 7, -3/38 HPs)
             Began as a Spriggan Assassin on June 6, 2015.
             Slain by a necrophage (6 damage)
             ... in the Dungeon (Sprint II: "The Violet Keep of Menkaure").
             The game lasted 00:01:39 (197 turns).

Kidiri the Covert (Spriggan Assassin)                Turns: 197, Time: 00:01:39

Health: -3/38      AC:  3    Str:  7    XL:     7   Next: 4%
Magic:  16/16      EV: 28    Int: 12    God:
Gold:   243        SH:  0    Dex: 20    Spells: 0 memorised, 17 levels left

rFire  . . .     SeeInvis +     a - +2 dagger
rCold  . . .     Clarity  .     c - +0 robe
rNeg   . . .     SustAt   .     (shield restricted)
rPois  .         Gourm    .     (helmet restricted)
rElec  .         Spirit   .     d - +0 cloak
rCorr  .         Warding  .     (gloves unavailable)
rMut   .         NoTele   +     (boots unavailable)
MR     +....                    (no amulet)
Stlth  ++++++....               (no ring)
                                (no ring)

@: very slightly contaminated, hasted, very quick, somewhat resistant to hostile
enchantments, very stealthy
A: unfitting armour, see invisible, herbivore 3, speed 3, slow metabolism 2
a: no special abilities


You were in the Dungeon.
You were not hungry.

You visited 1 branch You collected 243 gold pieces.

Inventory:

Hand weapons
 a - a +2 dagger (weapon)
 b - a +0 blowgun
Missiles
 e - 8 poisoned needles
 f - 2 curare-tipped needles
Armour
 c - a +0 robe (worn)
 d - a +0 cloak (worn)
Scrolls
 m - a scroll of blinking
Potions
 k - 2 potions of magic
 l - a potion of berserk rage
Comestibles
 g - a bread ration


   Skills:
 + Level 4.4 Fighting
 * Level 8.0 Short Blades
 + Level 6.0 Throwing
 * Level 10.2 Dodging
 * Level 12.1 Stealth
 + Level 5.6 Spellcasting


You had 17 spell levels left.
You didn't know any spells.

Dungeon Overview and Level Annotations

Branches:
Dungeon (1/1)

Altars:


Innate Abilities, Weirdness & Mutations

You are tiny and cannot use many weapons and most armour.
You have supernaturally acute eyesight.
You are a herbivore.
You cover ground extremely quickly.
You need consume almost no food.


Message History

The necrophage is moderately damaged.
The necrophage hits you.
* * * LOW HITPOINT WARNING * * *
You barely miss the necrophage.
The necrophage is moderately damaged.
The necrophage completely misses you.
You barely miss the necrophage.
The necrophage is moderately damaged.
You hit the necrophage.
The necrophage is heavily damaged.
The necrophage misses you.
Drink which item? (? for menu, Esc to quit)
You feel yourself speed up. The necrophage completely misses you.
You are very lightly contaminated with residual magic.
You hit the necrophage.
The necrophage is heavily damaged.
You hit the necrophage.
The necrophage is severely damaged.
The necrophage hits you.
You die...

##+
##.####
#%##..#
##...## #
##'## .##
##.##...#
+.<@n$#
##.##...#
#+# .## #


You could see a necrophage.

Vanquished Creatures
  3 necrophages (D)
  4 brain worms (D)
7 creatures vanquished.

Notes
Turn   | Place    | Note
--------------------------------------------------------------
     0 | D        | Kidiri the Spriggan Assassin began the quest for the Orb.
     0 | D        | Reached XP level 1. HP: 10/10 MP: 2/2
     1 | D        | Noticed a brain worm
     1 | D        | Noticed a brain worm
     1 | D        | Noticed a brain worm
     1 | D        | Noticed a brain worm
     3 | D        | Killed a brain worm
     3 | D        | Reached skill level 5 in Dodging
     3 | D        | Reached skill level 8 in Stealth
     3 | D        | Reached XP level 2. HP: 14/16 MP: 2/6
     3 | D        | Reached XP level 3. HP: 16/19 MP: 2/8
     3 | D        | Reached XP level 4. HP: 19/23 MP: 2/9
     5 | D        | Killed a brain worm
     5 | D        | Reached skill level 5 in Short Blades
     5 | D        | Reached skill level 9 in Stealth
     8 | D        | Killed a brain worm
     8 | D        | Reached skill level 10 in Stealth
     8 | D        | Reached XP level 5. HP: 22/28 MP: 2/12
    26 | D        | Killed a brain worm
    26 | D        | Reached skill level 5 in Throwing
    26 | D        | Reached XP level 6. HP: 23/33 MP: 4/13
   107 | D        | Noticed a necrophage
   107 | D        | Noticed a necrophage
   107 | D        | Noticed a necrophage
   107 | D        | Noticed a necrophage
   126 | D        | Killed a necrophage
   126 | D        | Reached skill level 11 in Stealth
   126 | D        | Reached skill level 5 in Spellcasting
   154 | D        | Killed a necrophage
   184 | D        | Killed a necrophage
   184 | D        | Reached skill level 10 in Dodging
   184 | D        | Reached skill level 12 in Stealth
   184 | D        | Reached XP level 7. HP: 7/38 MP: 16/16
   197 | D        | Slain by a necrophage

Vault maps used:
D:        the_violet_keep_of_menkaure

Action                   |  1- 3 |  4- 6 |  7- 9 || total
-------------------------+-------+-------+-------++-------
Melee: Dagger            |     1 |    94 |    12 ||   107
  Use: Potion            |       |     2 |     1 ||     3
 Stab: Sleeping          |     1 |     2 |       ||     3
